 Dungeon Crawl Stone Soup version 0.28.0-47-ge53b351184 (webtiles) character file.

Game seed: 2595564096777967424

182 seaoflcl the Skirmisher (level 5, -5/42 HPs)
             Began as a Human Fighter on May 2, 2022.
             Engulfed by a steam dragon's steam (10 damage)
             ... on level 7 of the Dungeon.
             The game lasted 00:03:12 (3268 turns).

seaoflcl the Skirmisher (Human Fighter)             Turns: 3268, Time: 00:03:13

Health: -5/42      AC:  8    Str: 18    XL:     5   Next: 93%
Magic:  14/14      EV:  9    Int:  9    God:
Gold:   107        SH:  4    Dex: 12    Spells: 4/4 levels left

rFire   . . .      SeeInvis .   q - +0 morningstar (freeze)
rCold   . . .      Faith    .   c - +0 buckler
rNeg    . . .      Spirit   .   b - +0 scale mail
rPois   .          Reflect  .   (no helmet)
rElec   .          Harm     .   (no cloak)
rCorr   .          Rampage  .   n - +0 pair of gloves
Will    +....                   (no boots)
Stlth   ..........              (no amulet)
HPRegen 0.14/turn               r - ring of willpower
MPRegen 0.14/turn               g - ring of magical power

@: no status effects
A: no striking features
a: no special abilities


You were on level 7 of the Dungeon.
You visited 1 branch of the dungeon, and saw 5 of its levels.

You collected 107 gold pieces.

Inventory:

Hand Weapons
 a - a +0 long sword
 q - a +0 morningstar of freezing (weapon)
Armour
 b - a +0 scale mail (worn)
 c - a +0 buckler (worn)
 n - a +0 pair of gloves (worn)
Jewellery
 g - a ring of magical power (right hand)
 r - a ring of willpower (left hand)
Scrolls
 e - a scroll of amnesia {unknown}
 f - 2 scrolls of magic mapping {unknown}
 j - a scroll of summoning {unknown}
 k - a scroll of blinking {unknown}
 l - 2 scrolls of identify {unknown}
 o - a scroll of teleportation {unknown}
 p - a scroll of immolation {unknown}
Potions
 d - 2 potions of might
 h - a potion of curing {unknown}
 i - a potion of lignification {unknown}
 m - 2 potions of flight {unknown}


   Skills:
 + Level 3.8 Fighting
 - Level 3.3 Long Blades
 * Level 1.4 Maces & Flails
 + Level 3.8 Armour
 + Level 3.8 Shields


You had 4 spell levels left.
You didn't know any spells.
Your spell library contained the following spells:

 Spells                   Type           Power      Damage    Failure   Level
 Sandblast                Erth           0%         2d4       86%         1
 Ensorcelled Hibernation  Hex/Ice        0%         N/A       94%         2
 Passwall                 Tmut/Erth      0%         N/A       94%         2
 Gell's Gravitas          Tloc           0%         N/A       99%         3
 Lesser Beckoning         Tloc           0%         N/A       99%         3
 Spider Form              Tmut/Pois      0%         N/A       99%         3
 Stone Arrow              Conj/Erth      0%         3d7       99%         3
 Teleport Other           Tloc           0%         N/A       99%         3
 Anguish                  Hex/Necr       0%         N/A       100%        4


Dungeon Overview and Level Annotations

Branches:
Dungeon (4/15)
 Temple: D:4-7

Altars:
Dithmenos
Kikubaaqudgha
Ru
Sif Muna
Uskayaw
Xom


Message History

You hit the endoplasm. You freeze the endoplasm.
You kill the endoplasm!
No target in view!
No target in view!
No target in view!
No target in view!
No target in view!
No target in view!
No target in view!
No target in view!
Found a chain mail and a war axe.
Found a hide-covered altar of Uskayaw.
You see here a +0 chain mail.
There is a sacrificial altar of Ru here.
A sourceless malevolence fills the Dungeon...
You fall into a shaft and drop 3 floors!
The shaft crumbles and collapses.
A steam dragon comes into view.
The steam dragon hisses angrily.
Found a scroll labelled PEFUENN MUTOPN.
Found a stone staircase leading down.
You enter the shallow water.
Moving in this stuff is going to be slow.
The steam dragon breathes steam at you. The ball of steam hits you.
You enter the shallow water.
Moving in this stuff is going to be slow.
You enter the shallow water.
Moving in this stuff is going to be slow.
The steam dragon breathes steam at you. The ball of steam hits you!
The steam dragon breathes steam at you. The ball of steam hits you!!
* * * LOW HITPOINT WARNING * * *
You are engulfed in a cloud of scalding steam.
* * * LOW HITPOINT WARNING * * *
There is a stone staircase leading down here.
You can't go up here!
Unknown command.
You can't go up here!
You are engulfed in a cloud of scalding steam.
You die...

## #. ######.##
........## .........##
..........#
............@..#
#.....≈..≈..§§§##
#......≈≈≈.§D§§≈##
##.?........§§§.§##≈#
###≈≈≈≈≈≈.≈≈≈≈§§§≈§≈≈≈#
#≈≈≈≈≈≈≈≈≈≈≈≈§≈≈.≈≈≈≈##
#≈.≈.≈≈≈≈....≈≈.###
#.≈....≈...#.....
#################


You could see a steam dragon (catching breath).

Vanquished Creatures
  An iguana (D:3)
  An orc wizard (D:3)
  5 adders
  An ufetubus (D:4)
  A dart slug (D:2)
  5 orcs (D:3)
  7 ball pythons
  4 bats
  3 endoplasms
  A giant cockroach (D:3)
  6 hobgoblins
  6 jackals
  9 kobolds
  4 quokkas
  4 frilled lizards
  6 goblins
  4 rats
68 creatures vanquished.

Notes
Turn   | Place    | Note
-------+----------+-------------------------------------------
     0 | D:1      | seaoflcl the Human Fighter began the quest for the Orb.
     0 | D:1      | Reached XP level 1. HP: 18/18 MP: 1/1
   101 | D:1      | Reached XP level 2. HP: 20/24 MP: 2/2
   427 | D:1      | Reached XP level 3. HP: 22/29 MP: 3/3
   513 | D:1      | Found a faded altar of an unknown god.
  1763 | D:3      | Found a shadowy altar of Dithmenos.
  1767 | D:3      | Reached XP level 4. HP: 31/35 MP: 4/4
  2331 | D:3      | Reached XP level 5. HP: 29/42 MP: 5/5
  2597 | D:3      | Found a shimmering altar of Xom.
  2954 | D:3      | Reached skill level 1 in Maces & Flails
  3238 | D:4      | Found a sacrificial altar of Ru.
  3239 | D:4      | Found a shimmering blue altar of Sif Muna.
  3239 | D:4      | Found an ancient bone altar of Kikubaaqudgha.
  3241 | D:4      | Found a hide-covered altar of Uskayaw.
  3254 | D:4      | You fall into a shaft and drop 3 floors!
  3254 | D:7      | Noticed a steam dragon
  3268 | D:7      | Engulfed by a steam dragon's steam

Illustrated notes

Levels and vault maps discovered:
D:1:      amcnicky_arrival_choice, layout_basic, basic_ecumenical_altar
D:2:      layout_loops_corners
D:3:      layout_rooms, mainiacjoe_overflow_24_doors,
          nicolae_dithmenos_the_darkroom, kennysheep_doodads,
          minmay_statues_item, grunt_ministairs_3, st_stairs_5
D:4:      layout_basic, chequers_temple_overflow_statue_of_worship,
          minmay_divided_ellipse
D:7:      layout_rooms, mainiacjoe_overflow_alcove_4,
          fedhas_bush_and_centaur_altar, serial_shops,
          nicolae_shop_competitors_out_of_business, serial_rivers,
          chequers_serial_rivers_small_a, chequers_serial_rivers_micro_d,
          chequers_serial_rivers_small_3, chequers_serial_rivers_large_a,
          chequers_serial_rivers_micro_d, uniq_pikel, uniq_harold, uniq_menkaure

Skill      XL: |  1  2  3  4  5 |
---------------+----------------+-----
Long Blades    | 3 |  3.3
Maces & Flails | 1 |  1.4
Fighting       | |  3.8
Armour         | |  3.8
Shields        | |  3.8

Action                   |  1- 3 |  4- 6 || total
-------------------------+-------+-------++-------
Melee: Long sword        |    97 |    84 ||   181
       Morningstar       |       |    73 ||    73
Armor: Scale mail        |    62 |   114 ||   176
Dodge: Dodged            |    51 |   112 ||   163
Block: Buckler           |    31 |    38 ||    69
